 Dungeon Crawl Stone Soup version 0.19.5 (webtiles) character file.

3138 ozymandias0 the Basher (level 9, -12/88 HPs)
             Began as a Troll Fighter on May 1, 2017.
             Was a Follower of Makhleb.
             Mangled by an orc warrior
             ... wielding a +0 trident
              (18 damage)
             ... on level 8 of the Dungeon.
             The game lasted 00:29:00 (5059 turns).

ozymandias0 the Basher (Troll Fighter)              Turns: 5059, Time: 00:29:01

Health: -12/88     AC:  6    Str: 32    XL:     9   Next: 61%
Magic:  8/8        EV: 10    Int:  4    God:    Makhleb [*.....]
Gold:   149        SH: 12    Dex:  9    Spells: 0 memorised, 8 levels left

rFire  . . .     SeeInvis .     l - +0 morningstar
rCold  . . .     Gourm    +     b - +0 robe
rNeg   . . .     Faith    .     c - +2 shield
rPois  .         Spirit   .     (helmet restricted)
rElec  .         Reflect  .     a - +0 cloak
rCorr  .         Harm     +     (gloves unavailable)
MR     .....                    (boots unavailable)
Stlth  +.........               e - amulet of harm
                                x - +3 ring of strength
                                o - +4 ring of slaying

@: no status effects
A: unfitting armour, claws 3, horns 1, fast metabolism 3, gourmand, regeneration
1, shaggy fur 1, tough skin 2
a: Renounce Religion


You were on level 8 of the Dungeon.
You worshipped Makhleb.
Makhleb was aware of your devotion.
You were full.

You visited 2 branches of the dungeon, and saw 9 of its levels.

You collected 594 gold pieces.
You spent 445 gold pieces at shops.

Inventory:

Hand Weapons
 h - a +1 mace
 l - a +0 morningstar (weapon)
Missiles
 i - 39 bolts (quivered)
Armour
 a - a +0 cloak (worn)
 b - a +0 robe (worn)
 c - a +2 shield (worn)
Jewellery
 e - an amulet of harm (around neck)
 o - a +4 ring of slaying (left claw)
 u - a +3 ring of dexterity
 x - a +3 ring of strength (right claw)
Scrolls
 k - 2 scrolls of recharging
 m - a scroll of remove curse
 v - a scroll of teleportation
Potions
 d - a potion of flight
 g - a potion of haste
 j - 2 potions of agility
 n - 2 potions of curing
 q - a potion of ambrosia
 w - a potion of might
Comestibles
 f - 3 bread rations
 p - a royal jelly
 s - 2 beef jerkies
 t - 2 slices of pizza


   Skills:
 + Level 5.3 Fighting
 + Level 8.3 Maces & Flails
 + Level 5.2 Dodging
 + Level 1.1 Stealth
 + Level 5.5 Shields


You had 8 spell levels left.
You didn't know any spells.

Dungeon Overview and Level Annotations

Branches:
Dungeon (8/15)             Temple (1/1) D:5
   Lair: D:8-11

Altars:
Ashenzari
Cheibriados
Dithmenos
Fedhas
Gozag
Kikubaaqudgha
Makhleb
Nemelex Xobeh
Okawaru
Qazlal
Ru
Sif Muna
Uskayaw
Vehumet
Xom
Yredelemnul
Zin
The Shining One

Shops:
D:5 (   D:7 %!:=*


Innate Abilities, Weirdness & Mutations

You are too large for most types of armour.
You have claws for hands.
Your metabolism is lightning-fast.
You like to eat raw meat.
Your natural rate of healing is unusually fast.
You are covered in fur. (AC +1)
You have very tough skin. (AC +2)
You have a pair of small horns on your head.


Message History

The orc warrior hits you from afar with a trident.
The orc warrior hits you with a trident!
You sock the orc warrior!
The orc warrior is heavily wounded.
The orc warrior hits you with a trident!!
* * * LOW HITPOINT WARNING * * *
You barely miss the orc warrior.
The orc warrior is heavily wounded.
The orc warrior hits you with a trident!
* * * LOW HITPOINT WARNING * * *
You closely miss the orc warrior.
The orc warrior is heavily wounded.
The orc warrior completely misses you.
You feel better.
The orc warrior hits you with a trident!
* * * LOW HITPOINT WARNING * * *
You closely miss the orc warrior.
The orc warrior is heavily wounded.
The orc warrior hits you with a trident!
You die...

######.....#...####
###......###............
#......##.....##....... .
######.....##### #...# ..
#......#..))# #...# ...
#.......###)## #...# ....
#.........#..## #...#.....
#########.##..######.#...........
#.###...@oW..)...........
#.....####o######........
#####.###..# #....... #.....##
#(<...### ###...#### #.#......
###..#....## #.....#
#...#####..###<..#.###
###########............))....>..
#.........########....))(#.#####


You could see a phantom, an orc warrior and an orc wizard.

Vanquished Creatures
  Pikel (D:5)
  A hornet (D:8)
  Grinder (D:4)
  Menkaure (D:7)
  An ice beast (D:4)
  2 orc warriors (D:7)
  A phantom (D:6)
  An ogre (D:7)
  A necrophage (D:6)
  5 centaurs
  A bullfrog (D:7)
  A big kobold (D:8)
  3 scorpions
  5 howler monkeys
  A crimson imp (D:6)
  2 bullfrog skeletons
  An orc priest (D:6)
  2 hounds (D:4)
  A centaur skeleton (D:6)
  2 jellies
  3 orc wizards
  3 iguanas
  6 worker ants
  A worker ant zombie (D:6)
  7 adders
  A shadow imp (D:7)
  An adder zombie (D:6)
  A worm (D:2)
  2 dart slugs
  2 leopard geckos
  17 orcs
  2 ball pythons
  6 giant cockroaches
  9 hobgoblins
  6 jackals
  3 quokkas
  6 bats
  4 frilled lizards
  11 goblins
  9 kobolds
  4 rats
138 creatures vanquished.

Vanquished Creatures (others)
  An orc warrior (D:6)
  A centaur (D:6)
  A bullfrog (D:6)
  An iguana (D:6)
  An adder (D:6)
  A quokka skeleton (D:6)
6 creatures vanquished.

Grand Total: 144 creatures vanquished

Notes
Turn   | Place    | Note
-------+----------+-------------------------------------------
     0 | D:1      | ozymandias0 the Troll Fighter began the quest for the Orb.
     0 | D:1      | Reached XP level 1. HP: 22/22 MP: 0/0
   158 | D:1      | Reached XP level 2. HP: 29/29 MP: 1/1
   418 | D:1      | Reached skill level 2 in Maces & Flails
   540 | D:1      | Gained mutation: You have a pair of small horns on your head. [potion of mutation]
   540 | D:1      | Gained mutation: Your spells are a little easier to cast, but a little less powerful. [potion of mutation]
   540 | D:1      | Lost mutation: Your spells are a little easier to cast, but a little less powerful. [potion of mutation]
  1165 | D:2      | Reached XP level 3. HP: 36/36 MP: 2/2
  1740 | D:2      | Found a hide-covered altar of Uskayaw.
  1896 | D:3      | Reached XP level 4. HP: 43/44 MP: 3/3
  2230 | D:3      | Found a deep blue altar of Sif Muna.
  2406 | D:4      | Reached skill level 3 in Maces & Flails
  2451 | D:4      | Reached XP level 5. HP: 34/53 MP: 4/4
  2537 | D:4      | Noticed Grinder
  2545 | D:4      | Killed Grinder
  2545 | D:4      | Reached skill level 4 in Maces & Flails
  2545 | D:4      | Reached XP level 6. HP: 41/61 MP: 5/5
  2549 | D:4      | Found a snail-covered altar of Cheibriados.
  2550 | D:4      | Noticed an ice beast
  2564 | D:4      | Killed an ice beast
  2564 | D:4      | Reached XP level 7. HP: 26/67 MP: 6/6
  2724 | D:4      | Found a sacrificial altar of Ru.
  2864 | D:5      | Entered Level 5 of the Dungeon
  2873 | D:5      | Found a staircase to the Ecumenical Temple.
  2879 | Temple   | Entered the Ecumenical Temple
  2912 | Temple   | Became a worshipper of Makhleb the Destroyer
  2995 | D:5      | Noticed Pikel
  3020 | D:5      | Killed Pikel
  3020 | D:5      | Reached skill level 5 in Maces & Flails
  3020 | D:5      | Reached XP level 8. HP: 44/78 MP: 7/7
  3039 | D:5      | Found a shattered altar of Ashenzari.
  3292 | D:5      | Found Nauvis's Antique Weapon Shop.
  3295 | D:5      | Bought a morningstar for 100 gold pieces
  3707 | D:6      | Reached skill level 6 in Maces & Flails
  3730 | D:6      | Found a shimmering altar of Xom.
  3767 | D:6      | Reached skill level 1 in Stealth
  4139 | D:7      | Found Ruuzown's Food Shop.
  4152 | D:7      | Bought a beef jerky for 19 gold pieces
  4152 | D:7      | Bought a beef jerky for 19 gold pieces
  4152 | D:7      | Bought a beef jerky for 19 gold pieces
  4152 | D:7      | Bought a slice of pizza for 19 gold pieces
  4161 | D:7      | Noticed Menkaure
  4178 | D:7      | Killed Menkaure
  4178 | D:7      | Reached skill level 5 in Shields
  4178 | D:7      | Reached XP level 9. HP: 33/87 MP: 8/8
  4181 | D:7      | Reached * piety under Makhleb
  4196 | D:7      | Reached skill level 5 in Fighting
  4196 | D:7      | Reached skill level 7 in Maces & Flails
  4309 | D:7      | Found Daaqooc's Jewellery Boutique.
  4322 | D:7      | Bought a +3 ring of dexterity for 204 gold pieces
  4362 | D:7      | Found Zuimaak's Book Boutique.
  4366 | D:7      | Found Hejexkimeh's General Store.
  4373 | D:7      | Reached skill level 5 in Dodging
  4378 | D:7      | Found Udweux's Distillery.
  4416 | D:7      | Bought 25 bolts for 65 gold pieces
  4494 | D:7      | Found a shadowy altar of Dithmenos.
  4820 | D:8      | Reached skill level 8 in Maces & Flails
  4986 | D:8      | Paralysed by a hornet for 2 turns
  5059 | D:8      | Mangled by an orc warrior

Skill      XL: |  1  2  3  4  5  6  7  8  9 |
---------------+----------------------------+-----
Maces & Flails | 2 3 4 5 6 8 |  8.3
Fighting       | 3 4 5 |  5.3
Dodging        | 3 4 5 |  5.2
Shields        | 3 4 5 |  5.5
Stealth        | 1 |  1.1

Action                   |  1- 3 |  4- 6 |  7- 9 || total
-------------------------+-------+-------+-------++-------
Melee: Flail             |    36 |       |       ||    36
       Mace              |    92 |    89 |    52 ||   233
       Headbutt          |     9 |    15 |    37 ||    61
       Morningstar       |       |       |   143 ||   143
  Use: Scroll            |     6 |     6 |     7 ||    19
       Potion            |     3 |       |     5 ||     8
  Eat: Bread ration      |     2 |     1 |     2 ||     5
       Meat ration       |     1 |       |       ||     1
       Chunk             |     3 |     4 |    12 ||    19
       Beef jerky        |     1 |       |     1 ||     2
Armor: Robe              |    52 |    41 |    46 ||   139
Dodge: Dodged            |    56 |    23 |    68 ||   147
Block: Shield            |    73 |    51 |   136 ||   260
